 Dungeon Crawl Stone Soup version 0.24-a0-235-g3f03afc (webtiles) character file.

Game seed: 5572896984157674382

44 Gunnerkreig the Sneak (level 3, -7/21 HPs)
             Began as an Octopode Wizard on Apr 8, 2019.
             Mangled by a gnoll
             ... wielding a +0 flail
              (13 damage)
             ... on level 2 of the Dungeon.
             The game lasted 00:04:04 (1456 turns).

Gunnerkreig the Sneak (Octopode Wizard)             Turns: 1456, Time: 00:04:05

Health: -7/21      AC:  1    Str:  6    XL:     3   Next: 60%
Magic:  2/7        EV: 13    Int: 21    God:
Gold:   48         SH:  0    Dex: 10    Spells: 1/8 levels left

rFire    . . .     SeeInvis .   i - +0 short sword
rCold    . . .     Gourm    .   (no shield)
rNeg     . . .     Faith    .   a - +0 hat
rPois    .         Spirit   .   (no amulet)
rElec    .         Reflect  .   m - ring of stealth
rCorr    .         Harm     .   (no ring)
MR       .....                  (no ring)
Stlth    ++++......             (no ring)
HPRegen  0.07/turn              (no ring)
MPRegen  0.10/turn              (no ring)
                                (no ring)
                                (no ring)

@: no status effects
A: almost no armour, stealthy swim, amphibious, 8 rings, constrict 8, camouflage
1, gelatinous body 1
a: no special abilities


You were on level 2 of the Dungeon.
You were hungry.

You visited 1 branch of the dungeon, and saw 2 of its levels.

You collected 48 gold pieces.

Inventory:

Hand Weapons
 i - a +0 short sword (weapon)
Missiles
 e - 55 stones (quivered)
Armour
 a - a +0 hat (worn)
Jewellery
 m - a ring of stealth (left tentacle)
Scrolls
 b - 2 scrolls of remove curse {unknown}
 g - 2 scrolls of amnesia {unknown}
 h - a scroll of enchant armour {unknown}
 j - a scroll of teleportation {unknown}
Potions
 d - 2 potions of might {unknown}
 f - 4 potions of curing {unknown}
 k - a potion of agility {unknown}
Comestibles
 c - 3 rations


   Skills:
 - Level 2.0 Dodging
 + Level 4.3 Stealth
 - Level 3.0 Spellcasting
 + Level 2.4 Conjurations
   Level 1.0 Summonings
   Level 1.0 Translocations


You had one spell level left.
You knew the following spells:

 Your Spells              Type           Power        Failure   Level  Hunger
a - Magic Dart            Conj           ##..         4%          1    None
b - Conjure Flame         Conj/Fire      #.......     24%         3    ###....
c - Mephitic Cloud        Conj/Pois/Air  #.......     28%         3    ###....

Your spell library contained the following spells:

 Spells                   Type           Power        Failure   Level  Hunger
 Blink                    Tloc           N/A          13%         2    ##.....
 Call Imp                 Summ           #.......     13%         2    ##.....
 Slow                     Hex            #.......     21%         2    ##.....


Dungeon Overview and Level Annotations

Branches:
Dungeon (2/15)

Altars:

Annotations:
D:1 steam vent
D:2 Terence


Innate Abilities, Weirdness & Mutations

You cannot wear most types of armour.
You are very stealthy in the water. (Stealth+)
You are amphibious.
You can wear up to eight rings at the same time.
You can use your tentacles to constrict eight enemies at once.
Your skin changes colour to match your surroundings (Stealth+).
Your rubbery body absorbs attacks. (AC +1, EV +1)


Message History

The gnoll hits you with a +0 flail!
* * * LOW HITPOINT WARNING * * *
Casting: Magic Dart (safe; 4% risk of failure)
Confirm with . or Enter, or press ? or * to list all spells.
Aiming: Magic Dart (safe; 4% risk of failure)
Press: ? - help, Shift-Dir - straight line, f - gnoll
Aim: a gnoll, wielding a +0 flail (constricted by you)
The magic dart hits the gnoll but does no damage.
You constrict the gnoll, but do no damage.
Casting: Magic Dart (safe; 4% risk of failure)
Confirm with . or Enter, or press ? or * to list all spells.
Aiming: Magic Dart (safe; 4% risk of failure)
Press: ? - help, Shift-Dir - straight line, f/p - gnoll
Aim: a gnoll, wielding a +0 flail (constricted by you)
The magic dart hits the gnoll.
The gnoll is lightly wounded.
You constrict the gnoll, but do no damage.
The gnoll hits you with a +0 flail!
Ouch! That really hurt!
You die...

#..# #.# #..###)#################
###### (......(.)..g.)....'...##
##'...>
)..#################....###.##.#.
#†# #........##.#. #.#
###########.#. #.#### ###### #.#.
#....# #....# ###############.#.
####.# #....# #@g...............
#.# #....# #.######..........
#.###....####.# #..........
#.............######.......#..
####.##.########...........##.
#.##.#....# #...........##.
#.#.....#^# #........#####.
#.#######...#......#.# #. #..
...####'#...# ##


You could see a gnoll.

Vanquished Creatures
  A gnoll (D:2)
  An adder (D:2)
  A dart slug (D:1)
  A leopard gecko (D:1)
  4 bats (D:1)
  4 hobgoblins
  A ball python (D:1)
  2 frilled lizards
  3 goblins
  3 kobolds
  2 rats
23 creatures vanquished.

Notes
Turn   | Place    | Note
-------+----------+-------------------------------------------
     0 | D:1      | Gunnerkreig the Octopode Wizard began the quest for the
                  | Orb.
     0 | D:1      | Reached XP level 1. HP: 11/11 MP: 4/4
    47 | D:1      | Reached skill level 3 in Stealth
   230 | D:1      | Reached XP level 2. HP: 17/17 MP: 4/6
  1047 | D:2      | Reached skill level 4 in Stealth
  1047 | D:2      | Reached XP level 3. HP: 17/21 MP: 1/7
  1251 | D:2      | Noticed Terence
  1257 | D:2      | Learned a level 3 spell: Conjure Flame
  1261 | D:2      | Learned a level 3 spell: Mephitic Cloud
  1456 | D:2      | Mangled by a gnoll

Levels and vault maps discovered:
D:1:      psy_arrival_spokes, layout_basic, hangedman_decor_clover_reticule,
          lemuel_another_geyser
D:2:      layout_basic, lemuel_crystal_altar,
          chequers_temple_overflow_minitemple,
          nicolae_ru_great_annihilating_truth, uniq_terence

Skill      XL: |  1  2 |
---------------+-------+-----
Stealth        | 3 4 |  4.3
Conjurations   | 2 |  2.4
Dodging        | |  2.0
Spellcasting   | |  3.0
Summonings     | |  1.0
Translocations | |  1.0

Action                   || total
-------------------------++-------
Melee: Unarmed           ||     6
       Constrict         ||     3
       Tentacles         ||     2
       Short sword       ||     2
Throw: Stone             ||     3
 Cast: Magic Dart        ||    47
       Conjure Flame     ||     2
       Mephitic Cloud    ||     1
  Eat: Chunk             ||     1
Armor: Skin              ||     2
Dodge: Dodged            ||     4

Table legend:
 A = Non-vault XP
 B = Vault XP
 C = Vault XP percentage of total XP
 D = Non-vault monster count
 E = Vault monster count
 F = Vault count percentage of total count
                 A         B        C        D         E       F
            +---------+---------+-------+---------+---------+-------
      Total |      63 |       0 |   0.0 |      23 |       0 |   0.0
            +---------+---------+-------+---------+---------+-------
        D:1 |      26 |       0 |   0.0 |      15 |       0 |   0.0
        D:2 |      37 |       0 |   0.0 |       8 |       0 |   0.0
            +---------+---------+-------+---------+---------+-------
